 Dungeon Crawl Stone Soup version 0.21-a0-221-gfe971b9 (webtiles) character file.

1849 FrancescoMac the Skirmisher (level 8, -12/74 HPs)
             Began as a Minotaur Fighter on Aug 24, 2017.
             Mangled by an orc warrior
             ... wielding a +0 glaive
              (30 damage)
             ... in a bailey.
             The game lasted 00:22:06 (4400 turns).

FrancescoMac the Skirmisher (Minotaur Fighter)      Turns: 4400, Time: 00:22:08

Health: -12/74     AC: 15    Str: 21    XL:     8   Next: 88%
Magic:  7/7        EV: 10    Int:  5    God:
Gold:   271        SH: 12    Dex: 21    Spells: 7/7 levels left

rFire    . . .     SeeInvis .   D - +2 falchion (holy)
rCold    . . .     Gourm    .   c - +0 shield
rNeg     . . .     Faith    .   C - +0 plate armour
rPois    .         Spirit   .   (helmet restricted)
rElec    .         Reflect  .   g - scarf {repulsion}
rCorr    .         Harm     .   i - +1 pair of gloves
MR       .....                  (no boots)
Stlth    ..........             F - amulet of regeneration
HPRegen  0.62/turn              p - +4 ring of dexterity
MPRegen  0.10/turn              (no ring)

@: agile, repel missiles
A: retaliatory headbutt, horns 2
a: no special abilities


You were in a bailey.
You were not hungry.

You visited 1 branch of the dungeon, and saw 6 of its levels.
You also visited: Bailey.

You collected 271 gold pieces.

Inventory:

Hand Weapons
 a - a +0 long sword
 D - a +2 falchion of holy wrath (weapon)
Armour
 b - a +0 scale mail
 c - a +0 shield (worn)
 g - a scarf of repulsion (worn)
 h - a +0 chain mail
 i - a +1 pair of gloves (worn)
 u - a +1 scale mail of poison resistance
 C - a +0 plate armour (worn)
Jewellery
 p - a +4 ring of dexterity (left hand)
 F - an amulet of regeneration (around neck)
Wands
 t - a wand of random effects (25/48)
 w - a wand of flame (37/48)
Scrolls
 k - 2 scrolls of magic mapping
 l - 2 scrolls of amnesia
 m - 5 scrolls of remove curse
 z - a scroll of enchant weapon {unknown}
 B - a scroll of enchant armour
 E - a scroll of fog {unknown}
Potions
 j - a potion of agility
 n - a potion of ambrosia
 r - a potion of curing
 s - a potion of degeneration
Comestibles
 d - 6 chunks of flesh
 f - 2 bread rations
 o - a royal jelly
 v - 2 meat rations
 A - 3 fruits


   Skills:
 + Level 7.8 Fighting
 + Level 7.3 Long Blades
 + Level 7.8 Armour
 + Level 7.7 Shields


You had 7 spell levels left.
You didn't know any spells.

Dungeon Overview and Level Annotations

Branches:
Dungeon (8/15)
 Temple: D:4-7         Lair: D:8-11

Altars:
Cheibriados
Dithmenos
Elyvilon
Makhleb
Qazlal
Sif Muna


Innate Abilities, Weirdness & Mutations

You reflexively headbutt those who attack you in melee.
You have a pair of horns on your head.


Message History

The orc warrior shouts!
There is an open gate here.
The orc knight hits you with a halberd!
The orc warrior hits you from afar with a halberd!
The orc warrior hits you from afar with a glaive!
You see here a yellow potion.
Okay, then.
You feel agile all of a sudden. The orc warrior closely misses you.
The orc knight roars a battlecry!
The orc warriors go into a battle-frenzy!
The orc warrior hits you but does no damage.
You block the orc warrior's attack.
You slash the orc knight! Your headbutt misses the orc knight.
The orc knight is lightly wounded.
The orc knight hits you with a halberd!
* * * LOW HITPOINT WARNING * * *
You block the orc warrior's attack. The orc warrior closely misses you.
The orc warrior hits you from afar with a glaive!!
You die...

# #≈≈...............≈≈# #
##.##≈..............(≈##.##≈. .≈
.^..≈.........((.((.≈o.^..≈.
.≈##o##≈...............≈##.##≈..
.≈≈#o#≈≈....#######....≈≈#.#≈≈..
..≈≈≈≈≈...(##....##.(...≈≈≈≈≈...
..........##.....##.(...........
........(##..#'''##.).(.........
.......o.#..##∩@∩##.(##(........
........##.####o####)##(........
.......(##.')#ooo#)()##.........
.......(##.###.8.###(##..(......
.....o..##.')#[.)#)()##.........
.......(##.#########)##.........
.........#..##)#.##)(#.(........
........(##..#'#'#..##.......(..
..........##.......##...........


You could see an orc knight and 3 orc warriors.

Vanquished Creatures
  Joseph (D:8)
  An ice beast (D:5)
  6 orc warriors (Bailey)
  A phantom (D:4)
  An ogre (D:8)
  A scorpion (D:4)
  4 killer bees (D:8)
  A howler monkey (D:4)
  A crimson imp (D:8)
  3 orc priests
  2 orc wizards
  An iguana (D:3)
  3 worker ants
  Robin (D:3)
  2 howler monkey skeletons
  A worker ant zombie (D:3)
  4 adders
  3 worms
  2 dart slugs (D:1)
  A leopard gecko (D:2)
  22 orcs
  3 giant cockroaches
  10 hobgoblins
  4 jackals (D:8)
  2 quokkas
  8 bats
  10 frilled lizards
  19 goblins
  6 kobolds
  A leopard gecko skeleton (D:3)
  A quokka skeleton (D:3)
  9 rats
135 creatures vanquished.

Notes
Turn   | Place    | Note
-------+----------+-------------------------------------------
     0 | D:1      | FrancescoMac the Minotaur Fighter began the quest for the Orb.
     0 | D:1      | Reached XP level 1. HP: 19/19 MP: 0/0
   132 | D:1      | Reached XP level 2. HP: 27/27 MP: 1/1
   780 | D:1      | Reached XP level 3. HP: 33/33 MP: 2/2
  1119 | D:2      | Reached XP level 4. HP: 22/41 MP: 3/3
  1869 | D:3      | Reached XP level 5. HP: 44/47 MP: 4/4
  1891 | D:3      | Reached skill level 5 in Fighting
  1997 | D:3      | Found a snail-covered altar of Cheibriados.
  2127 | D:3      | Noticed Robin
  2141 | D:3      | Reached skill level 5 in Armour
  2157 | D:3      | Killed Robin
  2200 | D:3      | Found a shadowy altar of Dithmenos.
  2402 | D:3      | Found a burning altar of Makhleb.
  2605 | D:3      | Reached skill level 5 in Shields
  2706 | D:4      | Noticed a phantom
  2725 | D:4      | Reached XP level 6. HP: 54/56 MP: 5/5
  2827 | D:4      | Found a stormy altar of Qazlal.
  3032 | D:4      | Found a deep blue altar of Sif Muna.
  3113 | D:4      | Found a white marble altar of Elyvilon.
  3535 | D:5      | Entered Level 5 of the Dungeon
  3623 | D:5      | Noticed an ice beast
  3628 | D:5      | Killed an ice beast
  3628 | D:5      | Reached XP level 7. HP: 46/62 MP: 6/6
  3640 | D:5      | You fall through a shaft for 3 floors!
  3647 | D:8      | Reached skill level 5 in Long Blades
  4089 | D:8      | Reached XP level 8. HP: 71/71 MP: 7/7
  4093 | D:8      | Noticed Joseph
  4094 | D:8      | Found a flagged portal.
  4126 | D:8      | Killed Joseph
  4133 | Bailey   | Entered a bailey
  4397 | Bailey   | Noticed an orc knight
  4400 | Bailey   | Mangled by an orc warrior

Vault maps used:
D:1:      co_arrival_random_square_maze, minmay_quantized
D:2:      cheibrodos_pilgrimage, minmay_pentomino_o4
D:3:      nicolae_overflow_crystal_walls, lightli_temple_of_fire, first_bread,
          serial_undead, serial_undead_d, serial_undead_b, serial_undead_f,
          serial_undead_e, nicolae_dithmenos_through_a_glass_darkly, uniq_robin
D:4:      elyvilon_altar_4, grunt_qazlal_clouds, led_sif_pool
D:5:      serial_shops, shop
D:8:      serial_shops, kennysheep_mini, enter_bailey_2, uniq_joseph
Bailey:   bailey_polearm_2, bailey

Skill      XL: |  1  2  3  4  5  6  7  8 |
---------------+-------------------------+-----
Fighting       | 4 5 6 7 |  7.8
Armour         | 4 5 6 7 |  7.8
Shields        | 4 5 6 7 |  7.7
Long Blades    | 3 4 5 7 |  7.3

Action                   |  1- 3 |  4- 6 |  7- 9 || total
-------------------------+-------+-------+-------++-------
Melee: Long sword        |    99 |   173 |    11 ||   283
       Headbutt          |    12 |    43 |    41 ||    96
       Falchion          |       |       |   166 ||   166
  Use: Scroll            |     5 |     6 |     2 ||    13
       Potion            |       |       |     8 ||     8
  Eat: Chunk             |     1 |     7 |     3 ||    11
       Fruit             |       |     1 |       ||     1
Armor: Scale mail        |     2 |       |       ||     2
       Chain mail        |    53 |    93 |     4 ||   150
       Plate armour      |       |       |    84 ||    84
Dodge: Dodged            |    25 |    25 |    40 ||    90
       Deflected         |       |       |    19 ||    19
Block: Shield            |    49 |    99 |   172 ||   320
       Rpst.: Long sword |     4 |     7 |       ||    11
       Falchion          |       |       |     8 ||     8

Table legend:
 A = Spawn XP
 B = Non-spawn XP
 C = Spawn XP percentage of total XP
 D = Spawn monster count
 E = Non-spawn monster count
 F = Spawn count percentage of total count
 G = Total turns spent on level
                    A         B        C        D         E        F      G
               +---------+---------+-------+---------+---------+-------+---------
         Total |     133 |    2509 |   5.0 |      12 |     123 |   8.9 |  4400
               +---------+---------+-------+---------+---------+-------+---------
           D:1 |       2 |      43 |   4.4 |       2 |      27 |   6.9 |   857
           D:2 |       6 |     100 |   5.7 |       4 |      23 |  14.8 |   951
           D:3 |       2 |     200 |   1.0 |       2 |      32 |   5.9 |   884
           D:4 |      90 |     253 |  26.2 |       3 |       7 |  30.0 |   843
           D:5 |       0 |     142 |   0.0 |       0 |       2 |   0.0 |   105
           D:8 |      33 |     964 |   3.3 |       1 |      18 |   5.3 |   493
        Bailey |       0 |     807 |   0.0 |       0 |      14 |   0.0 |   267
               +---------+---------+-------+---------+---------+-------+---------
